AoeStats
← 从不压堡之人

Nomad

508856271Analyzed
4v4 RM · 8d ago on Sep 24, 2026· 36m 25s· 8 players
Game mode
Random Map
Map size
231×231
Population
200
Speed
Normal
Resources
Standard
Victory
Conquest
Starting age
Dark Age
Ending age
Imperial Age
RankedLock teamsTeams togetherTeam positionsShared explorationLock speedFull tech treeHidden civsTurbo modeCheats
Victory
Defeat
1200
+9
🇨🇳 Japanese · China
1100
+12
🇨🇳 Spanish · China
1081
+13
🇭🇰 Danes · Hong Kong SAR China
1005
+16
🇪🇸 Franks · Spain
1061
-14
🇻🇳 Persians · Vietnam
1042
-13
🇺🇦 Dravidians · Ukraine
1026
-13
🇪🇸 Maya · Spain
962
-10
sparttanez
3:27 Loom
15:25 Feudal Age
17:45 Town Watch
20:51 Castle Age
18:55 Double-Bit Axe
19:01 Fishing Lines
20:59 Wheelbarrow
22:13 Medium Warships
21:54 Gillnets
22:58 Bow Saw
23:41 Gold Mining
25:24 Wheelbarrow
24:55 Stone Mining
26:52 Fletching
30:49 Hand Cart
32:01 Horse Collar
36:07 Imperial Age
34:54 Husbandry
34:15 Light Cavalry
ROMMEL X
13:33 Feudal Age
18:05 Castle Age
17:12 Double-Bit Axe
18:16 Horse Collar
20:42 Forging
21:57 Bow Saw
22:29 Wheelbarrow
23:32 Heavy Plow
24:03 Loom
25:32 Iron Casting
27:09 Pikeman
28:35 Scale Mail Armor
32:23 Chain Mail Armor
34:15 Hand Cart
longeery
15:04 Feudal Age
15:11 Man-at-Arms
27:20 Castle Age
26:54 Horse Collar
redchochorus
5:25 Loom
8:23 Loom
14:50 Feudal Age
21:03 Castle Age
19:52 Double-Bit Axe
22:47 Wheelbarrow
23:49 Fletching
24:34 Hand Cart
27:47 Town Watch
29:55 Bodkin Arrow
32:12 Bow Saw
32:40 Ordonnance Companies
36:18 Gold Mining
从不压堡之人
8:57 Loom
16:28 Feudal Age
17:06 Double-Bit Axe
20:00 Castle Age
18:22 Fishing Lines
19:18 Wheelbarrow
19:33 Stone Mining
19:34 Gold Mining
20:18 Town Watch
21:12 Wheelbarrow
20:41 Gillnets
21:03 Bow Saw
21:09 Caravan
23:09 Clinker Construction
23:24 Hand Cart
23:47 Forging
23:49 Medium Warships
23:51 Horse Collar
28:17 Imperial Age
27:12 Stone Shaft Mining
26:59 Ballistics
27:18 Fletching
28:42 Sanctity
28:33 Fervor
28:43 Sanctity
28:33 Fervor
30:05 Chemistry
30:24 Two-Man Saw
29:46 Block Printing
30:07 Theocracy
29:57 Illumination
30:41 Theocracy
31:49 Heavy Warships
32:00 Iron Casting
32:00 Carvel Hull
32:03 Conscription
31:45 Inquisition
32:31 Redemption
34:10 Bodkin Arrow
35:17 Blast Furnace
33:40 Elite Cannon Galleon
34:55 Bracer
我不是蓝精灵
5:51 Loom
14:25 Feudal Age
18:51 Castle Age
16:49 Double-Bit Axe
18:13 Wheelbarrow
17:21 Horse Collar
17:39 Fishing Lines
20:00 Bow Saw
20:14 Heavy Plow
21:04 Hand Cart
21:44 Town Watch
23:37 Gold Mining
29:35 Squires
29:21 Arson
30:31 Gold Shaft Mining
29:47 Stone Mining
33:29 Imperial Age
31:20 Scale Mail Armor
32:15 Forging
33:01 Chain Mail Armor
32:34 Treadmill Crane
33:39 Yasama
33:26 Pikeman
34:43 Iron Casting
33:39 Elite Samurai
34:43 Conscription
34:35 Murder Holes
35:47 Hoardings
37:20 Blast Furnace
36:51 Plate Mail Armor
夜清尘
4:13 Loom
13:21 Feudal Age
16:47 Castle Age
15:28 Double-Bit Axe
16:20 Horse Collar
17:38 Wheelbarrow
18:11 Bow Saw
28:52 Hand Cart
30:01 Town Watch
30:31 Heavy Plow
30:38 Gold Mining
30:38 Stone Mining
30:40 Arson
30:58 Squires
30:45 Gambesons
31:57 Forging
31:48 Scale Mail Armor
31:34 Hamask
35:20 Imperial Age
34:26 Chain Mail Armor
34:46 Iron Casting
35:28 Gold Shaft Mining
35:31 Stone Shaft Mining
35:30 Elite Varangian Guard
36:37 Conscription
35:41 Elite Jomsviking
36:22 Capped Ram
我独自送头 Solo Feeding
8:51 Loom
11:15 Feudal Age
17:51 Bloodlines
21:13 Scale Barding Armor
22:23 Forging
30:16 Castle Age
28:42 Fishing Lines
29:05 Double-Bit Axe
30:21 Light Cavalry
31:41 Iron Casting
32:32 Chain Barding Armor
32:30 Horse Collar
Connection lost

Rejoining the realm…

Still unreachable

The connection could not be restored.

Session expired

The server has moved on; the page needs a fresh start.